AoeStats
← JJ

Arabia

508520944Analyzed
4v4 RM · 8d ago on Sep 22, 2026· 41m 45s· 8 players
Game mode
Random Map
Map size
Large (8 player)
Population
200
Speed
Normal
Resources
Standard
Victory
Conquest
Starting age
Dark Age
Ending age
Imperial Age
RankedLock teamsTeams togetherTeam positionsShared explorationLock speedFull tech treeHidden civsTurbo modeCheats
Victory
Defeat
🇬🇧 Saxons · United Kingdom
936
+15
🇬🇧 Saxons · United Kingdom
813
+20
🇬🇧 Saxons · United Kingdom
805
+48
🇬🇧 Saxons · United Kingdom
778
+21
🇬🇧 Muisca · United Kingdom
926
-20
🇲🇽 Huns · Mexico
895
-19
🇹🇷 Tatars · Türkiye
887
-19
🇹🇷 Danes · Türkiye
880
-18
Biznatch
mizacory
11:47 Feudal Age
16:26 Castle Age
15:40 Loom
18:44 Double-Bit Axe
18:43 Horse Collar
21:04 Bloodlines
22:21 Scale Barding Armor
30:12 Heavy Plow
34:04 Imperial Age
39:33 Chemistry
38:26 Pikeman
40:10 Elite Skirmisher
mulgezen
0:37 Loom
yurigagarin
0:28 Loom
Weevil
4:44 Loom
9:18 Feudal Age
12:12 Double-Bit Axe
13:03 Horse Collar
15:46 Man-at-Arms
17:36 Arson
20:13 Castle Age
19:43 Forging
19:33 Scale Mail Armor
20:23 Gold Mining
20:48 Pikeman
24:17 Bow Saw
31:37 Stone Mining
33:43 Iron Casting
33:24 Chain Mail Armor
38:25 Imperial Age
36:46 Scale Barding Armor
38:09 Gambesons
38:25 Squires
39:05 Gold Shaft Mining
40:34 Elite Hearth Troop
Farmer Iain
3:19 Loom
10:42 Feudal Age
12:08 Man-at-Arms
13:28 Double-Bit Axe
14:36 Arson
19:51 Horse Collar
24:51 Castle Age
23:33 Gold Mining
23:42 Stone Mining
26:02 Scale Mail Armor
26:16 Pikeman
26:42 Gambesons
28:43 Forging
29:01 Squires
30:11 Heavy Plow
30:56 Chain Mail Armor
32:00 Wheelbarrow
31:13 Town Watch
37:51 Imperial Age
36:38 Fletching
37:46 Bodkin Arrow
38:29 Iron Casting
39:22 Bow Saw
40:07 Hand Cart
39:53 Town Patrol
40:48 Gold Shaft Mining
41:58 Conscription
Jem
11:12 Feudal Age
13:24 Loom
13:34 Double-Bit Axe
16:09 Castle Age
15:04 Horse Collar
17:32 Scale Mail Armor
18:59 Bow Saw
20:24 Heavy Plow
28:41 Forging
32:21 Wheelbarrow
32:25 Chain Mail Armor
34:13 Hand Cart
37:16 Iron Casting
36:45 Clerical Recruitment
44:02 Imperial Age
JJ
11:39 Feudal Age
15:40 Double-Bit Axe
15:38 Horse Collar
17:40 Scale Mail Armor
26:56 Castle Age
25:48 Forging
29:40 Pikeman
30:22 Squires
30:10 Gambesons
31:11 Iron Casting
30:58 Chain Mail Armor
35:51 Loom
41:10 Imperial Age
38:31 Loom
39:28 Heavy Plow
42:14 Bow Saw
42:39 Plate Mail Armor
Connection lost

Rejoining the realm…

Still unreachable

The connection could not be restored.

Session expired

The server has moved on; the page needs a fresh start.